 Dungeon Crawl Stone Soup version 0.31.0-12-g77e489cdc1 (webtiles) character file.

Game seed: 3547289942394213602

263 cdecastro the Cudgeller (level 5, 0/41 HPs)
             Began as an Armataur Warper on Feb 26, 2024.
             Was an Initiate of Yredelemnul.
             Slain by a kobold brigand
             ... wielding a +0 club
              (4 damage)
             ... in a sewer.
             The game lasted 00:06:48 (3993 turns).

cdecastro the Cudgeller (Armataur Warper)           Turns: 3993, Time: 00:06:49

Health: 0/41       AC:  7    Str: 18    XL:     5   Next: 97%
Magic:  7/7        EV:  7    Int: 19    God:    Yredelemnul [......]
Gold:   176        SH:  0    Dex: 10    Spells: 7/7 levels left

rFire   . . .        a - +0 mace
rCold   . . .        (no shield)
rNeg    . . .        n - +0 scale mail
rPois   .            q - +0 helmet
rElec   .            (no cloak)
rCorr   .            (no gloves)
SInv    .            (no barding)
Will    .....        z - amulet of the acrobat Stlth
                     h - +6 ring of intelligence
HPRegen 0.26/turn    (no ring)
MPRegen 0.10/turn

%: acrobat, roll
@: no status effects
A: large, deformed body, tough skin 3, armoured tail, roll 1
a: Renounce Religion, Recall Undead Harvest


You were in a sewer.
You worshipped Yredelemnul.
Yredelemnul was noncommittal.
You visited 1 branch of the dungeon, and saw 5 of its levels.
You also visited: Sewer.

You collected 176 gold pieces.

Inventory:

Hand Weapons
 a - a +0 mace (weapon)
Missiles
 d - 7 darts of dispersal (quivered)
 u - a boomerang
Armour
 n - a +0 scale mail (worn)
 q - a +0 helmet (worn)
 x - the +2 leather armour of Divine Freedom {Int+6}
   (You found it on level 3 of the Dungeon)

   Int+6:     It affects your intelligence (+6).
 y - a +0 chain mail
Jewellery
 h - a +6 ring of intelligence (left hand)
 r - a ring of fire
 z - an amulet of the acrobat (around neck)
Scrolls
 b - a scroll of enchant weapon {unknown}
 c - 2 scrolls of blinking
 e - 5 scrolls of identify {unknown}
 f - 2 scrolls of noise {unknown}
 g - 2 scrolls of immolation {unknown}
 l - a scroll of summoning {unknown}
 p - 2 scrolls of acquirement {unknown}
 t - a scroll of teleportation {unknown}
 v - a scroll of poison {unknown}
 w - a scroll of enchant armour {unknown}
 A - a scroll of amnesia {unknown}
Potions
 i - 2 potions of mutation {unknown}
 j - a potion of brilliance {unknown}
 k - a potion of cancellation {unknown}
 m - 3 potions of attraction {unknown}
 o - a potion of heal wounds {unknown}
 s - a potion of curing {unknown}


   Skills:
 - Level 1.7 Fighting
 + Level 5.7 Maces & Flails
 - Level 0.8 Throwing
 - Level 1.2 Armour
 - Level 1.3 Dodging
 - Level 1.7 Spellcasting
 - Level 3.0 Translocations


You had 7 spell levels left.
You didn't know any spells.
Your spell library contained the following spells:

 Spells                   Type           Power      Damage    Failure   Level
 Blink                    Tloc           26%        N/A       26%         2
 Lesser Beckoning         Tloc           26%        N/A       26%         2
 Teleport Other           Tloc           13%        N/A       45%         3
 Magic Dart               Conj           4%         1d3       50%         1
 Sting                    Conj/Alch      4%         1d3       50%         1
 Call Imp                 Summ           2%         N/A       65%         2
 Mercury Vapours          Alch/Air       2%         N/A       65%         2
 Confusing Touch          Hex            1%         N/A       86%         3
 Manifold Assault         Tloc           13%        N/A       86%         4
 Vhi's Electric Charge    Tloc/Air       14%        N/A       97%         4
 Olgreb's Toxic Radiance  Alch           1%         N/A       99%         4
 Eringya's Noxious Bog    Alch           0%         4d6       100%        6


Dungeon Overview and Level Annotations

Branches:
Dungeon (5/15)              Sewer (1/1)
 Temple: D:4-7

Altars:
Yredelemnul

Annotations:
D:4 Edmund


Innate Abilities, Weirdness & Mutations

Armour fits poorly on your strangely shaped body.
You have extremely tough skin. (AC +3)
You have a long armoured tail.
You regenerate magic when rolling toward enemies. (Rampage MPRegen)


Message History

Okay, then.
Unknown command.
Unknown command.
Unknown command.
You hit the kobold brigand.
The kobold brigand is moderately wounded.
The kobold brigand splashes around in the water.
The kobold brigand hits you with a +0 dagger.
You closely miss the kobold brigand.
The kobold brigand is moderately wounded.
The kobold brigand barely misses you.
The kobold brigand hits you but does no damage.
You sock the kobold brigand!
Your tail-slap misses the kobold brigand.
The kobold brigand is heavily wounded.
The kobold brigand hits you with a +0 club.
The kobold brigand hits you with a +0 dagger.
You closely miss the kobold brigand.
The kobold brigand is heavily wounded.
The kobold brigand splashes around in the water.
The kobold brigand hits you with a +0 dagger!
* * * LOW HITPOINT WARNING * * *
A kobold comes into view. It is wielding a +0 whip.
You closely miss the kobold brigand.
The kobold shouts!
You tail-slap the kobold brigand!
The kobold brigand is almost dead.
The kobold brigand hits you with a +0 club!
* * * LOW HITPOINT WARNING * * *
The kobold brigand hits you with a +0 dagger.
* * * LOW HITPOINT WARNING * * *
Okay, then.
Unknown command.
You hit the kobold brigand but do no damage.
The kobold brigand is almost dead.
The kobold brigand hits you with a +0 dagger.
* * * LOW HITPOINT WARNING * * *
The kobold brigand hits you with a +0 club.
You die...
Your body rises from the dead as a mindless zombie.

##≈####
##≈≈≈#~#
###≈≈≈≈#~#
#≈≈≈≈≈≈#~#
#≈≈≈≈≈.#~# ~#
##≈≈....#~#P~#
#....∩∩..~.P#
#........P###
#.@P#######
#KPK~~~~~~
#..P######
#~.K. ##~~~.
#....~ ##.....
~~~#~#


You could see 2 kobold brigands and a kobold.

Vanquished Creatures
  A jelly (D:4)
  2 orc wizards (D:3)
  7 adders
  4 dart slugs
  11 orcs (D:3)
  5 endoplasms
  6 giant cockroaches
  7 goblins
  4 hobgoblins
  4 jackals (D:1)
  8 kobolds
  3 quokkas
  13 ball pythons
  5 bats
  4 frilled lizards
  6 rats
90 creatures vanquished.

Vanquished Creatures (collateral kills)
  An adder (D:4)
1 creature vanquished.

Grand Total: 91 creatures vanquished

Notes
Turn   | Place    | Note
-------+----------+-------------------------------------------
     0 | D:1      | cdecastro the Armataur Warper began the quest for the Orb.
     0 | D:1      | Reached XP level 1. HP: 17/17 MP: 3/3
    75 | D:1      | Reached skill level 2 in Maces & Flails
   117 | D:1      | Reached XP level 2. HP: 13/24 MP: 4/4
   560 | D:1      | Reached skill level 3 in Maces & Flails
   705 | D:1      | Reached XP level 3. HP: 29/29 MP: 5/5
  1394 | D:2      | Reached skill level 4 in Maces & Flails
  1394 | D:2      | Reached XP level 4. HP: 35/36 MP: 6/6
  2699 | D:3      | Got Gisyjara's Incunable of the Virulent Whammy
  2785 | D:3      | Identified the +2 leather armour of Divine Freedom {Int+6}
  2814 | D:3      | Reached XP level 5. HP: 41/41 MP: 7/7
  2884 | D:3      | Reached skill level 5 in Maces & Flails
  3059 | D:3      | Found a basalt altar of Yredelemnul.
  3241 | D:3      | Became a worshipper of Yredelemnul the Dark
  3845 | D:4      | Reached * piety under Yredelemnul
  3858 | D:4      | Noticed Edmund
  3896 | D:5      | Entered Level 5 of the Dungeon
  3954 | D:5      | Found a glowing drain.
  3959 | Sewer    | Entered a sewer
  3993 | Sewer    | Slain by a kobold brigand

Illustrated notes

Levels and vault maps discovered:
D:1:      wander_arrival_estate, layout_basic, minmay_tetromino_l4
D:2:      layout_basic, serial_forest, infiniplex_forest_clump_curved,
          infiniplex_forest_clump_tiny, infiniplex_forest_lined_room_3,
          infiniplex_forest_end_2, infiniplex_forest_straight_4,
          infiniplex_forest_straight_2
D:3:      layout_loops_ring, mainiacjoe_overflow_alcove_1
D:4:      layout_gridville, uniq_edmund
D:5:      layout_basic, nicolae_kikubaaqudgha_miasma_corner,
          mainiacjoe_sewer_entry_somewhere_in_here_1, eino_curves_03,
          uniq_sigmund
Sewer:    sewer_co_scattered_pipes

Skill      XL: |  1  2  3  4  5 |
---------------+----------------+-----
Maces & Flails | 2 3 4 5 |  5.7
Fighting       | |  1.7
Throwing       | |  0.8
Armour         | |  1.2
Dodging        | |  1.3
Spellcasting   | |  1.7
Translocations | |  3.0

Action                     |  1- 3 |  4- 6 || total
---------------------------+-------+-------++-------
  Melee: Mace              |   139 |   166 ||   305
         Tailslap          |    10 |    19 ||    29
         Punch             |     1 |     2 ||     3
 Armour: Leather armour    |    63 |       ||    63
         Scale mail        |    48 |   144 ||   192
  Dodge: Dodged            |    69 |    53 ||   122
